 Dungeon Crawl Stone Soup version 0.17-a0-1793-gcbb3aa1 (webtiles) character file.

143 KINGKRU the Shooter (level 5, -2/40 HPs)
             Began as a Centaur Arcane Marksman on Aug 26, 2015.
             Killed by divine providence
             ... invoked by an orc priest
              (15 damage)
             ... on level 3 of the Dungeon on Sept 9, 2015.
             The game lasted 00:14:41 (3169 turns).

KINGKRU the Shooter (Centaur Arcane Marksman)       Turns: 3169, Time: 00:14:41

Health: -2/40      AC:  3    Str: 13    XL:     5   Next: 4%
Magic:  6/6        EV: 10    Int: 12    God:
Gold:   141        SH:  0    Dex: 10    Spells: 1 memorised, 5 levels left

rFire  . . .     SeeInvis .     a - +2 shortbow
rCold  . . .     Clarity  .     (no armour)
rNeg   . . .     SustAt   .     (no shield)
rPois  .         Gourm    .     (no helmet)
rElec  .         Spirit   .     (no cloak)
rCorr  .         Warding  .     (no gloves)
rMut   .         Stasis   .     (no barding)
MR     .....                    (no amulet)
Stlth  +.........               (no ring)
                                (no ring)

@: very quick, not resistant to hostile enchantments, very unstealthy
A: hooves 3, deformed body, speed 2, tough skin 3
a: no special abilities


You were on level 3 of the Dungeon.
You were not hungry.

You visited 1 branch of the dungeon, and saw 3 of its levels.

You collected 141 gold pieces.

Inventory:

Hand weapons
 a - a +2 shortbow (weapon)
Missiles
 b - 39 arrows (quivered)
Magical devices
 i - a wand of disintegration (9)
 k - a wand of confusion (48)
Scrolls
 g - a scroll of recharging
 j - 2 scrolls of identify
 l - a scroll of immolation
Potions
 c - 2 potions of agility {unknown}
 f - a potion of haste {unknown}
 h - 3 potions of curing {unknown}
Books
 d - a book of Debilitation

   Spells                             Type                      Level
   a - Corona                         Hexes                        1
   b - Slow                           Hexes                        2
   c - Gell's Gravitas                Hexes/Translocation          3
   d - Inner Flame                    Hexes/Fire                   3
   e - Cause Fear                     Hexes                        4
   f - Leda's Liquefaction            Hexes/Earth                  4
Comestibles
 e - 2 bread rations
 m - a fruit
 n - a slice of pizza
 p - a meat ration


   Skills:
 + Level 1.2 Fighting
 + Level 5.7 Bows
 + Level 1.9 Dodging
 + Level 1.0 Spellcasting
 + Level 3.3 Hexes


You had 5 spell levels left.
You knew the following spells:

 Your Spells              Type           Power        Failure   Level  Hunger
a - Corona                Hex            #......      10%         1    ##.....


Dungeon Overview and Level Annotations

Branches:
Dungeon (3/15)

Altars:
Ashenzari


Innate Abilities, Weirdness & Mutations

You have hooves in place of feet.
Armour fits poorly on your strangely shaped body.
You cover ground very quickly.
You have extremely tough skin (AC +3).


Message History

Press: ? - help, Shift-Dir - straight line, f/p - orc
Aim: an orc, wearing a leather armour You shoot an arrow.
The arrow hits the orc.
The orc is severely wounded.
The orc misses you. The orc priest hits you with a dagger.
Firing (i - inventory):
b - 41 arrows (quivered)
Press: ? - help, Shift-Dir - straight line, f/p - orc
Aim: an orc, wearing a leather armour (severely wounded)
You shoot an arrow. The arrow hits the orc.
You kill the orc!
The orc priest mumbles some strange prayers to Beogh against you.
Something smites you!
Firing (i - inventory):
b - 40 arrows (quivered)
Press: ? - help, Shift-Dir - straight line, f - orc priest
Aim: an orc priest, wielding a dagger and wearing a scale mail You shoot an arrow.
The arrow hits the orc priest!
The orc priest is heavily wounded.
The orc priest calls down the wrath of Beogh upon you.
Something smites you!
You die...

#........#
#(..(....#
#........#
+........+
#........#
#........#
#...(....#
#######o#
#(....[@#
#.#######
#.# #)#
#.# #.#
#.# #.#
#.#


You could see an orc priest.

Vanquished Creatures
  Jessica (D:2)
  Terence (D:2)
  An adder (D:2)
  A gnoll (D:3)
  A worm (D:2)
  5 giant geckos
  4 orcs (D:3)
  5 bats
  5 giant cockroaches
  7 goblins
  3 hobgoblins
  9 jackals (D:2)
  5 giant newts
  3 kobolds (D:2)
  8 rats
59 creatures vanquished.

Vanquished Creatures (others)
  5 toadstools (D:1)
5 creatures vanquished.

Grand Total: 64 creatures vanquished

Notes
Turn   | Place    | Note
--------------------------------------------------------------
     0 | D:1      | KINGKRU the Centaur Arcane Marksman began the quest for the Orb.
     0 | D:1      | Reached XP level 1. HP: 16/16 MP: 2/2
    54 | D:1      | Reached skill level 3 in Bows
   141 | D:1      | Reached XP level 2. HP: 21/23 MP: 3/3
   630 | D:2      | Noticed Terence
   662 | D:2      | Killed Terence
   662 | D:2      | Reached skill level 4 in Bows
   662 | D:2      | Reached XP level 3. HP: 3/28 MP: 4/4
  1521 | D:2      | Noticed Jessica
  1526 | D:2      | Killed Jessica
  1526 | D:2      | Reached skill level 5 in Bows
  1526 | D:2      | Reached XP level 4. HP: 35/35 MP: 5/5
  2023 | D:2      | Upgraded the game from 0.17-a0-1718-g72dbe4d to 0.17-a0-1793-gcbb3aa1
  3005 | D:3      | Found a shattered altar of Ashenzari.
  3075 | D:3      | Reached XP level 5. HP: 36/40 MP: 6/6
  3169 | D:3      | Killed from afar by an orc priest

Vault maps used:
D:1:      ldierk_walled_garden
D:2:      first_bread, hangedman_glass_teeth, uniq_jessica, uniq_terence
D:3:      hangedman_decor_growths, cheibrodos_ashenzari_chains, uniq_iyjb

Action                   |  1- 3 |  4- 6 || total
-------------------------+-------+-------++-------
 Fire: Shortbow          |   118 |   107 ||   225
  Use: Scroll            |       |     7 ||     7
  Eat: Bread ration      |     1 |     1 ||     2
